 Dungeon Crawl Stone Soup version 0.31-a0-1370-gf52a5a9ab3 (webtiles) character file.

Game seed: 13172385061204230099

18760 jlumianski the Grappler (level 12, -20/93 HPs)
             Began as a Gnoll Shapeshifter on Dec 23, 2023.
             Was an Elder of Wu Jian.
             Demolished by an enormous slime creature (57 damage)
             ... on level 12 of the Dungeon on Dec 24, 2023.
             The game lasted 01:07:02 (15674 turns).

jlumianski the Grappler (Gnoll Shapeshifter)       Turns: 15674, Time: 01:07:06

Health: -20/93     AC:  8    Str: 17    XL:     12   Next: 61%
Magic:  23/23      EV: 20    Int:  9    God:    Wu Jian [****..]
Gold:   582        SH:  5    Dex: 14    Spells: 26/26 levels left

rFire   . .          .
                       - Unarmed
rCold   . . .        (shield currently unavailable)
rNeg    . . .        z - melded +0 chain mail
rPois   .            s - +0 helmet
rElec   .            k - +2 cloak
rCorr   +            D - +2 pair of gloves
SInv    .            (no boots)
Will    .....        A - amulet of reflection
Stlth   ++           c - ring of resist corrosion
HPRegen 0.35/turn    (no ring)
MPRegen 0.18/turn

%: reflection
@: flux-form, glowing
A: glow, contaminating, fangs 1, strong nose, distributed training
a: Begin Untransformation, Renounce Religion, Wall Jump, Serpent's Lash


You were on level 12 of the Dungeon.
You worshipped Wu Jian.
Wu Jian was greatly pleased with you.
You were something dangerously unstable.
You visited 1 branch of the dungeon, and saw 13 of its levels.

You collected 910 gold pieces.
You spent 328 gold pieces at shops.

Inventory:

Missiles
 a - 2 boomerangs
 j - 2 throwing nets
 p - 5 curare-tipped darts (quivered)
 u - 15 poisoned darts
Armour
 k - a +2 cloak (worn)
 s - a +0 helmet (worn)
 w - a +0 scale mail
 z - a +0 chain mail (melded)
 D - a +2 pair of gloves (worn)
 I - the +3 hat of Pondering {ponderous, Will+ MP+10 Int+5}
   (You took it off Gastronok on level 9 of the Dungeon)

   Int+5:     It affects your intelligence (+5).
   Will+:     It increases your willpower.
   MP+10:     It affects your magic capacity (+10).
Jewellery
 c - a ring of resist corrosion (left hand)
 r - an amulet of guardian spirit
 A - an amulet of reflection (around neck)
Talismans
 d - a flux talisman (active)
Wands
 F - a wand of iceblast (9)
 K - a wand of flame (31)
 N - a wand of acid (1)
 O - a wand of polymorph (7)
 R - a wand of paralysis (21)
Scrolls
 f - 2 scrolls of silence
 g - 2 scrolls of fog
 l - a scroll of poison
 n - 3 scrolls of revelation
 o - a scroll of vulnerability
 q - a scroll of identify
 x - 8 scrolls of teleportation
Potions
 b - 3 potions of lignification
 e - a potion of might
 h - 4 potions of curing
 i - 5 potions of attraction
 m - 2 potions of enlightenment
 C - a potion of heal wounds
 U - a potion of haste


   Skills:
 + Level 8.2 Fighting
 + Level 7.7 Short Blades
 + Level 7.7 Long Blades
 + Level 7.7 Axes
 + Level 7.7 Maces & Flails
 + Level 7.7 Polearms
 + Level 7.7 Staves
 + Level 7.7 Ranged Weapons
 + Level 7.7 Throwing
 + Level 7.7 Armour
 + Level 9.1 Dodging
 + Level 7.7 Stealth
 + Level 7.7 Shields
 + Level 10.2 Unarmed Combat
 + Level 7.7 Spellcasting
 + Level 6.4 Conjurations
 + Level 6.4 Hexes
 + Level 6.4 Summonings
 + Level 6.4 Necromancy
 + Level 6.4 Translocations
 + Level 6.4 Fire Magic
 + Level 6.4 Ice Magic
 + Level 6.4 Air Magic
 + Level 6.4 Earth Magic
 + Level 6.4 Alchemy
 + Level 8.5 Invocations
 + Level 7.7 Evocations
 + Level 9.7 Shapeshifting


You had 26 spell levels left.
You didn't know any spells.
Your spell library contained the following spells:

 Spells                   Type           Power      Damage    Failure   Level
 Iskenderun's Battlesphe  Conj           15%        2d7       36%         5
 Bombard                  Conj/Erth      7%         9d2       90%         6
 Spellforged Servitor     Conj/Summ      7%         N/A       100%        7


Dungeon Overview and Level Annotations

Branches:
Dungeon (13/15)            Temple (0/1) D:4            Lair (0/5) D:11
    Orc (0/2) D:9
 Vaults: D:13-14

Altars:
Dithmenos
Fedhas
Hepliaklqana
Kikubaaqudgha
Nemelex Xobeh
Okawaru
Vehumet
Wu Jian
Xom
Zin
The Shining One

Shops:
D:9 ??   D:11 [

Portals:
Trove: D:10 (give +4 ice dragon scales)


Innate Abilities, Weirdness & Mutations

You are something dangerously unstable.
You glow with magical radiation, making you easy to see and hit.
Foes you strike become dangerously contaminated with magical radiation.
You are incapable of wielding weapons or throwing items.
You have very sharp teeth.
Your uncanny sense of smell can sniff out nearby items.
Your experience applies equally to all skills.


Message History

The very large slime creature glows dangerously bright.
The very large slime creature is severely wounded.
The very large slime creature closely misses you.
A slime creature comes into view.
The slime creature quivers.
You punch the very large slime creature!
The very large slime creature shudders as magic cascades through it!!
The very large slime creature twists and deforms.
You bite the very large slime creature.
The very large slime creature is almost dead.
The very large slime creature completely misses you.
Two slime creatures merge to form an enormous slime creature.
You hit the enormous slime creature.
The enormous slime creature begins to glow.
The enormous slime creature is severely wounded.
You punch the enormous slime creature!
The enormous slime creature glows dangerously bright.
The enormous slime creature is severely wounded.
The enormous slime creature hits you!!!
Ouch! That really hurt!
You hit the enormous slime creature.
The enormous slime creature shudders as magic cascades through it!
The enormous slime creature twists and deforms.
The enormous slime creature is severely wounded.
The enormous slime creature attacks as it pursues you!
The enormous slime creature completely misses you.
Aiming: Wall Jump
Press: ? - help, Dir - move target You repeatedly attack the enormous slime creature from above.
You hit the enormous slime creature.
The enormous slime creature begins to glow.
You bite the enormous slime creature.
The enormous slime creature is severely wounded.
You hit the enormous slime creature.
The enormous slime creature glows dangerously bright.
You bite the enormous slime creature, but do no damage.
The enormous slime creature is severely wounded.
The enormous slime creature hits you!!!
Ouch! That really hurt!
You die...

#.................#
#.#########.......# #.#
##.....######## ##.##
#####...........# ##...##
#.............#.#
##.....#####.####.###.#.#)<##
####..............##.##.##.#...##
............#..○J○##.............
####.......##./○p°.>.##.##.#...#.
#......###..○○○####*#.#.#..##.
#.#...## #.....# *#...#.##.
#.##.## ###.### ###.##.##.
##.########*#.#******#.......#.
#..........*#..,,......#####.#.
###..#######.*####*#####.* #.#.
.)...#### *∆,,,,,,,,,,.,* #...
####.#### ***********##.* #.#.


You could see an enormous slime creature (heavy contam, misshapen).

Vanquished Creatures
  Gastronok (D:9)
  Josephine (D:10)
  Erolcha (D:9)
  A hydra (D:10)
  4 two-headed ogres
  Pikel (D:7)
  An ugly thing (D:13)
  A deep elf pyromancer (D:12)
  2 cyclopes
  2 unseen horrors
  A rime drake (D:11)
  3 kobold demonologists
  2 trolls (D:12)
  2 hornets
  2 polar bears (D:11)
  Grinder (D:6)
  A raiju (shapeshifter) (D:11)
  A slime creature (D:12)
  A shadow (D:10)
  4 wyverns
  6 wraiths (D:10)
  A steam dragon (D:9)
  5 yaks (D:9)
  An acid dragon (D:9)
  3 water moccasins
  4 ice beasts (D:11)
  3 orc warriors
  2 black bears
  A sky beast (D:7)
  3 ogres
  10 centaurs
  2 phantoms
  2 kobold brigands
  6 bullfrogs
  A gnoll sergeant (D:12)
  3 scorpions
  3 wights (D:9)
  14 killer bees
  A howler monkey (D:5)
  An electric eel (D:10)
  8 orc priests
  3 jellies
  3 hounds
  A sleepcap (D:6)
  Jessica (D:1)
  An iguana (D:5)
  10 orc wizards
  Robin (D:1)
  12 gnolls
  17 adders
  2 shadow imps (D:8)
  A bombardier beetle (D:5)
  A white imp (D:5)
  A worm (D:3)
  A dart slug (D:1)
  49 orcs
  4 ball pythons
  8 endoplasms
  A giant cockroach (D:1)
  18 goblins
  8 hobgoblins
  2 jackals (D:1)
  19 kobolds
  3 quokkas
  5 bats
  2 frilled lizards
287 creatures vanquished.

Vanquished Creatures (others)
  A deep elf pyromancer (D:10)
  An orc (D:9)
  A kobold (D:10)
3 creatures vanquished.

Grand Total: 290 creatures vanquished

Notes
Turn   | Place    | Note
-------+----------+-------------------------------------------
     0 | D:1      | jlumianski the Gnoll Shapeshifter began the quest for the
                  | Orb.
     0 | D:1      | Reached XP level 1. HP: 17/17 MP: 1/1
    41 | D:2      | Reached XP level 2. HP: 23/23 MP: 2/2
   332 | D:1      | Reached XP level 3. HP: 28/28 MP: 3/3
   397 | D:1      | Reached skill level 1 in Invocations
   508 | D:1      | Reached skill level 1 in Short Blades
   508 | D:1      | Reached skill level 1 in Long Blades
   508 | D:1      | Reached skill level 1 in Axes
   508 | D:1      | Reached skill level 1 in Maces & Flails
   508 | D:1      | Reached skill level 1 in Polearms
   508 | D:1      | Reached skill level 1 in Staves
   508 | D:1      | Reached skill level 1 in Ranged Weapons
   508 | D:1      | Reached skill level 1 in Throwing
   508 | D:1      | Reached skill level 1 in Armour
   508 | D:1      | Reached skill level 1 in Stealth
   508 | D:1      | Reached skill level 1 in Shields
   508 | D:1      | Reached skill level 1 in Spellcasting
   508 | D:1      | Reached skill level 1 in Evocations
   923 | D:2      | Reached XP level 4. HP: 28/34 MP: 5/5
   972 | D:2      | Noticed Robin
   990 | D:2      | Noticed Jessica
  1001 | D:1      | Killed Jessica
  1002 | D:1      | Reached skill level 1 in Conjurations
  1002 | D:1      | Reached skill level 1 in Hexes
  1002 | D:1      | Reached skill level 1 in Summonings
  1002 | D:1      | Reached skill level 1 in Necromancy
  1002 | D:1      | Reached skill level 1 in Translocations
  1002 | D:1      | Reached skill level 1 in Fire Magic
  1002 | D:1      | Reached skill level 1 in Ice Magic
  1002 | D:1      | Reached skill level 1 in Air Magic
  1002 | D:1      | Reached skill level 1 in Earth Magic
  1002 | D:1      | Reached skill level 1 in Alchemy
  1067 | D:1      | Killed Robin
  1180 | D:2      | Reached XP level 5. HP: 35/40 MP: 7/7
  1643 | D:3      | Found an ornate altar of the Wu Jian Council.
  1645 | D:3      | Found a hazy altar of Hepliaklqana.
  1647 | D:3      | Found a radiant altar of Vehumet.
  1649 | D:3      | Became a worshipper of the Wu Jian Council
  1695 | D:4      | Found a staircase to the Ecumenical Temple.
  2535 | D:3      | Reached XP level 6. HP: 36/47 MP: 8/8
  3010 | D:4      | Reached skill level 5 in Dodging
  3024 | D:4      | Noticed a water moccasin
  3035 | D:4      | Killed a water moccasin
  3178 | D:5      | Entered Level 5 of the Dungeon
  3178 | D:5      | Noticed a water moccasin
  3335 | D:4      | Found a glowing silver altar of Zin.
  3342 | D:4      | Found an ancient bone altar of Kikubaaqudgha.
  3376 | D:4      | Found a shimmering altar of Xom.
  3671 | D:5      | Reached * piety under Wu Jian
  3694 | D:5      | Found a shadowy altar of Dithmenos.
  3710 | D:5      | Reached skill level 7 in Unarmed Combat
  3710 | D:5      | Reached XP level 7. HP: 11/52 MP: 10/10
  4096 | D:5      | Reached XP level 8. HP: 55/60 MP: 12/12
  4644 | D:5      | Found a sparkling altar of Nemelex Xobeh.
  5101 | D:6      | Found an iron altar of Okawaru.
  5232 | D:6      | Identified the +0 hand axe "Daxer" {heavy, rC++ Int+5
                  | Dex-3}
  5438 | D:7      | Reached XP level 9. HP: 66/66 MP: 14/14
  5488 | D:7      | Noticed Pikel
  5505 | D:7      | Killed Pikel
  5506 | D:7      | Reached skill level 5 in Fighting
  5623 | D:6      | Noticed Grinder
  5626 | D:6      | Reached skill level 8 in Unarmed Combat
  5648 | D:6      | Reached skill level 5 in Invocations
  5651 | D:6      | Reached ** piety under Wu Jian
  5892 | D:6      | Killed Grinder
  6452 | D:8      | Noticed a hornet
  6454 | D:8      | Paralysed by a hornet for 3 turns
  6467 | D:7      | Killed a hornet
  7215 | D:8      | Reached skill level 5 in Short Blades
  7215 | D:8      | Reached skill level 5 in Long Blades
  7215 | D:8      | Reached skill level 5 in Axes
  7215 | D:8      | Reached skill level 5 in Maces & Flails
  7215 | D:8      | Reached skill level 5 in Polearms
  7215 | D:8      | Reached skill level 5 in Staves
  7215 | D:8      | Reached skill level 5 in Ranged Weapons
  7215 | D:8      | Reached skill level 5 in Throwing
  7215 | D:8      | Reached skill level 5 in Armour
  7215 | D:8      | Reached skill level 5 in Stealth
  7215 | D:8      | Reached skill level 5 in Shields
  7215 | D:8      | Reached skill level 5 in Spellcasting
  7215 | D:8      | Reached skill level 5 in Evocations
  7215 | D:8      | Reached XP level 10. HP: 75/76 MP: 17/17
  7294 | D:9      | Found a staircase to the Orcish Mines.
  7307 | D:9      | Found Ymmafimu's Magic Scroll Emporium.
  7324 | D:9      | Bought a scroll of identify for 32 gold pieces
  7324 | D:9      | Bought a scroll of identify for 32 gold pieces
  7324 | D:9      | Bought a scroll of identify for 32 gold pieces
  7324 | D:9      | Bought a scroll of identify for 32 gold pieces
  7324 | D:9      | Bought a scroll of teleportation for 48 gold pieces
  7548 | D:7      | HP: 3/76 [killer bee (3)]
  8084 | D:9      | Noticed Erolcha
  8097 | D:9      | Killed Erolcha
  8758 | D:8      | Reached *** piety under Wu Jian
  9406 | D:10     | Entered Level 10 of the Dungeon
  9443 | D:10     | Found a glowing golden altar of the Shining One.
  9463 | D:10     | Found a portal to a secret trove of treasure.
  9470 | D:10     | Noticed a kobold demonologist
  9475 | D:10     | Noticed a smoke demon
  9479 | D:10     | Noticed a soul eater
  9520 | D:10     | Noticed a smoke demon
  9622 | D:10     | Noticed a soul eater
  9731 | D:9      | Killed a kobold demonologist
  9934 | D:10     | Noticed a kobold demonologist
  9941 | D:10     | Killed a kobold demonologist
  9968 | D:10     | Noticed an eight-headed hydra
 10206 | D:10     | Killed an eight-headed hydra
 10207 | D:10     | Reached skill level 9 in Unarmed Combat
 10207 | D:10     | Reached skill level 5 in Conjurations
 10207 | D:10     | Reached skill level 5 in Hexes
 10207 | D:10     | Reached skill level 5 in Summonings
 10207 | D:10     | Reached skill level 5 in Necromancy
 10207 | D:10     | Reached skill level 5 in Translocations
 10207 | D:10     | Reached skill level 5 in Fire Magic
 10207 | D:10     | Reached skill level 5 in Ice Magic
 10207 | D:10     | Reached skill level 5 in Air Magic
 10207 | D:10     | Reached skill level 5 in Earth Magic
 10207 | D:10     | Reached skill level 5 in Alchemy
 10207 | D:10     | Reached XP level 11. HP: 22/83 MP: 18/20
 10426 | D:10     | Noticed a two-headed ogre
 10427 | D:10     | Noticed a deep elf pyromancer
 10442 | D:10     | Killed a two-headed ogre
 10457 | D:10     | Killed a deep elf pyromancer
 10573 | D:9      | Found a blossoming altar of Fedhas.
 10633 | D:9      | Noticed Gastronok
 10650 | D:9      | Killed Gastronok
 11123 | D:9      | Found Kopom's Magic Scroll Boutique.
 11128 | D:9      | Bought a scroll of enchant armour for 120 gold pieces
 11128 | D:9      | Bought a scroll of identify for 32 gold pieces
 11327 | D:9      | Paralysed by a hornet for 1 turns
 11335 | D:9      | Paralysed by a hornet for 3 turns
 11762 | D:11     | Noticed a two-headed ogre
 11766 | D:11     | Killed a two-headed ogre
 12548 | D:10     | Noticed Josephine
 12749 | D:10     | Killed Josephine
 13286 | D:11     | Found Xeysipl Visu's Armour Shop.
 13319 | D:11     | Reached XP level 12. HP: 41/91 MP: 22/22
 13680 | D:12     | Reached **** piety under Wu Jian
 13980 | D:11     | Found a staircase to the Lair.
 14324 | D:11     | Reached skill level 10 in Unarmed Combat
 14700 | D:12     | Noticed a two-headed ogre
 14719 | D:12     | Killed a two-headed ogre
 14980 | D:12     | Noticed a two-headed ogre
 14988 | D:12     | Killed a two-headed ogre
 15674 | D:12     | Demolished by an enormous slime creature

Illustrated notes

Levels and vault maps discovered:
D:1:      ebering_trefoil_3fold, layout_basic, serial_aquarium,
          aquarium_bridge_straight [aquarium_subvault_bridge,
          aquarium_subvault_window, aquarium_subvault_bridge,
          aquarium_subvault_window], aquarium_window_2, aquarium_window_1,
          aquarium_view_2e, aquarium_view_2d, aquarium_balcony_3a,
          aquarium_pool_corner, minivault_4
D:2:      layout_rooms, uniq_jessica, uniq_robin
D:3:      layout_basic, gammafunk_temple_overflow_forgotten, minmay_cut_off
D:4:      nicolae_BIG_FREAKIN_CUBE, layout_loops_ring, lemuel_doored_altar,
          grunt_temple_overflow_open, minmay_temple_entry_offerings
D:5:      layout_cave_pools, amcnicky_altar_gilded,
          mainiacjoe_overflow_alcove_4, grunt_tough_drop
D:6:      layout_loops_cross, okawaru_ov_weapons_minmay, uniq_grinder
D:7:      layout_basic, uniq_pikel
D:8:      layout_basic, dreamdust_mushroom_princess
D:9:      layout_basic, overflow_temple_1_default, hiddenorc2_lemuel,
          serial_shops, nicolae_shop_rolling_square, shop, uniq_gastronok,
          uniq_erolcha
D:10:     layout_roguey, nicolae_tso_carved_into_rock, enter_trove_2,
          minmay_door_square, fungi_pond_lemuel, uniq_josephine
D:11:     layout_loops_ring, hellmonk_lair_entry_icy, serial_aquarium,
          aquarium_bridge_square [aquarium_subvault_wall,
          aquarium_subvault_wall, aquarium_subvault_bridge,
          aquarium_subvault_wall], aquarium_window_2, aquarium_window_1,
          aquarium_window_1, aquarium_view_2d, aquarium_view_2a,
          nicolae_inconvenience_store
D:12:     layout_loops_ring
D:13:     layout_roguey

Skill      XL: |  1  2  3  4  5  6  7  8  9 10 11 12 |
---------------+-------------------------------------+-----
Invocations    | 1 2 3 4 5 6 7 8 |  8.5
Short Blades   | 1 2 3 5 6 7 |  7.7
Long Blades    | 1 2 3 5 6 7 |  7.7
Axes           | 1 2 3 5 6 7 |  7.7
Maces & Flails | 1 2 3 5 6 7 |  7.7
Polearms       | 1 2 3 5 6 7 |  7.7
Staves         | 1 2 3 5 6 7 |  7.7
Ranged Weapons | 1 2 3 5 6 7 |  7.7
Throwing       | 1 2 3 5 6 7 |  7.7
Armour         | 1 2 3 5 6 7 |  7.7
Stealth        | 1 2 3 5 6 7 |  7.7
Shields        | 1 2 3 5 6 7 |  7.7
Spellcasting   | 1 2 3 5 6 7 |  7.7
Evocations     | 1 2 3 5 6 7 |  7.7
Conjurations   | 1 2 3 4 5 6 |  6.4
Hexes          | 1 2 3 4 5 6 |  6.4
Summonings     | 1 2 3 4 5 6 |  6.4
Necromancy     | 1 2 3 4 5 6 |  6.4
Translocations | 1 2 3 4 5 6 |  6.4
Fire Magic     | 1 2 3 4 5 6 |  6.4
Ice Magic      | 1 2 3 4 5 6 |  6.4
Air Magic      | 1 2 3 4 5 6 |  6.4
Earth Magic    | 1 2 3 4 5 6 |  6.4
Alchemy        | 1 2 3 4 5 6 |  6.4
Fighting       | 3 4 5 6 7 8 |  8.2
Dodging        | 5 6 7 8 9 |  9.1
Unarmed Combat | 7 8 9 10 | 10.2
Shapeshifting  | 7 8 9 |  9.7

Action                     |  1- 3 |  4- 6 |  7- 9 | 10-12 || total
---------------------------+-------+-------+-------+-------++-------
  Melee: Unarmed           |    54 |   147 |   272 |   682 ||  1155
         Bite              |     4 |    14 |    36 |    90 ||   144
         Punch             |     1 |     6 |     2 |       ||     9
  Throw: Dart              |       |     4 |     4 |       ||     8
Ability: Lunge             |       |    16 |    30 |    45 ||    91
         Whirlwind         |       |       |    18 |    59 ||    77
         Wall Jump         |       |       |     5 |    57 ||    62
  Evoke: Wand              |       |       |       |     7 ||     7
    Use: Scroll            |       |     5 |     8 |    14 ||    27
         Potion            |       |     2 |     1 |     1 ||     4
   Stab: Sleeping          |     1 |       |       |     1 ||     2
 Armour: Animal skin       |    17 |       |       |       ||    17
         Ring mail         |       |    62 |       |       ||    62
         Chain mail        |       |    27 |    45 |       ||    72
         Scale mail        |       |     2 |       |       ||     2
         Skin              |       |       |    62 |   248 ||   310
  Dodge: Dodged            |    34 |    69 |   133 |   498 ||   734
  Block: Other             |       |     1 |    43 |   114 ||   158
         Reflection        |       |       |       |     7 ||     7
   Form: Flux              |       |       |     1 |       ||     1

Table legend: (Time is in decaauts)
 A = Elapsed time spent in this place.
 B = Non-inter-level travel time spent in this place.
 C = Inter-level travel time spent in this place.
 D = Time resting spent in this place.
 E = Time spent auto-exploring this place.
 F = Levels seen in this place.
 G = Mean time per level.
                   A        B        C        D        E       F      G
               +--------+--------+--------+--------+--------+-----+--------+
         Total |  15747 |  15150 |    597 |   3890 |   6379 |  13 | 1211.3 |
       Dungeon |  15747 |  15150 |    597 |   3890 |   6379 |  13 | 1211.3 |
               +--------+--------+--------+--------+--------+-----+--------+

Top non-repeatable levels by time:
    D:10: 2133 daAuts
     D:9: 1919 daAuts
     D:8: 1785 daAuts
     D:7: 1341 daAuts
     D:3: 1280 daAuts
    D:11: 1272 daAuts
     D:4: 1102 daAuts
     D:6: 1056 daAuts
     D:5: 1027 daAuts
     D:1: 985 daAuts
    D:12: 973 daAuts
     D:2: 657 daAuts
    D:13: 211 daAuts
